 Dungeon Crawl Stone Soup version 0.30-a0-476-g330ca2eb8e (webtiles) character file.

Game seed: 9541484789805379562

54 shoemetal68 the Firebug (level 3, 0/30 HPs)
             Began as a Draconian Fire Elementalist on Dec 21, 2022.
             Slain by a gnoll
             ... wielding a +0 club
              (3 damage)
             ... on level 2 of the Dungeon.
             The game lasted 00:05:20 (1082 turns).

shoemetal68 the Firebug (DrFE)                      Turns: 1082, Time: 00:05:21

Health: 0/30       AC:  5    Str: 12    XL:     3   Next: 66%
Magic:  8/8        EV: 12    Int: 15    God:
Gold:   21         SH:  0    Dex: 11    Spells: 9/10 levels left

rFire   . . .      SeeInvis .      - Unarmed
rCold   . . .      Faith    .    (no shield)
rNeg    . . .      Spirit   .    (body armour unavailable)
rPois   .          Reflect  .    (helmet restricted)
rElec   .          Harm     .    (no cloak)
rCorr   .          Rampage  .    (no gloves)
Will    .....                    (no boots)
Stlth   ++........               (no amulet)
HPRegen 0.25/turn                (no ring)
MPRegen 0.11/turn                (no ring)

@: lethally poisoned (0 -> -1)
A: AC +5, unfitting armour, cold-blooded
a: no special abilities


You were on level 2 of the Dungeon.
You visited 1 branch of the dungeon, and saw 2 of its levels.

You collected 21 gold pieces.

Inventory:

Hand Weapons
 e - a +0 shortbow
Armour
 d - a +0 ring mail
Scrolls
 b - a scroll of blinking {unknown}
 c - 2 scrolls of teleportation {unknown}
 f - a scroll of vulnerability {unknown}
 h - a scroll of identify {unknown}
Potions
 a - a potion of magic


   Skills:
 + Level 2.8 Fighting
 + Level 3.2 Dodging
 + Level 3.3 Stealth
 + Level 2.8 Unarmed Combat
 + Level 4.3 Spellcasting
 + Level 4.0 Conjurations
 + Level 5.3 Fire Magic


You had 9 spell levels left.
You knew the following spells:

 Your Spells              Type           Power      Damage    Failure   Level
a - Foxfire               Conj/Fire      68%        2x1d7     2%          1

Your spell library contained the following spells:

 Spells                   Type           Power      Damage    Failure   Level
 Magic Dart               Conj           60%        1d6       3%          1
 Scorch                   Fire           38%        2d7       3%          2
 Searing Ray              Conj           30%        2d5       4%          2
 Inner Flame              Hex/Fire       11%        N/A       19%         3
 Kindle Blastsparks       Fire/Tloc/Air  16%        2d11      26%         3
 Flame Wave               Conj/Fire      17%        2d7       26%         4
 Fulminant Prism          Conj/Hex       4%         3d5       58%         4


Dungeon Overview and Level Annotations

Branches:
Dungeon (2/15)

Altars:


Innate Abilities, Weirdness & Mutations

Your plain brown scales are hard. (AC +5)
You cannot fit into any form of body armour.
You are cold-blooded and may be slowed by cold attacks.


Message History

The foxfire hits the goblin.
You kill the goblin!
There is an escape hatch in the floor here.
g - a green potion It was a potion of heal wounds.
You feel much better.
You see here a +0 short sword.
You open the door.
There is an open door here. 2 gnolls and an endoplasm come into view.
The gnoll shouts!
You hear a shout!
A gnoll comes into view. It is wielding a +1 spear of venom.
The gnoll attacks as you move away! The gnoll misses you.
The gnoll hits you with a +0 flail!
You hit the gnoll.
The gnoll is heavily wounded.
You hit the gnoll.
The gnoll is severely wounded.
The gnoll hits you with a +0 flail.
You hit the gnoll.
Your tail-slap misses the gnoll.
The gnoll is almost dead.
The gnoll hits you with a +0 flail. The gnoll hits you but does no damage.
You are poisoned.
You hit the gnoll.
You kill the gnoll!
You feel very sick. The gnoll closely misses you.
You feel sick.
Things that are here:
a +0 flail; a gnoll corpse You feel sick.
You feel sick.
You are too injured to fight recklessly!
You feel sick.
The gnoll hits you from afar with a +1 spear of venom.
* * * LOW HITPOINT WARNING * * *
The gnoll closely misses you. The gnoll attacks as you move away!
The gnoll barely misses you.
You feel sick.
You feel sick. The gnoll attacks as you move away!
The gnoll hits you with a +0 club.
You die...

###### .....# #
.....####.# .#
.J......#.#...#
######.........g...
#.....#####.#..####
#.###..@g.g.##....
#...######### ###.#
#######.###### .
#.####.......#....#
#......#######....#
######.#<.........#
#.###........#
#...'........#
#####.....####


You could see 2 gnolls.

Vanquished Creatures
  A gnoll (D:2)
  2 dart slugs
  A bat (D:1)
  A hobgoblin (D:1)
  A kobold (D:2)
  A quokka (D:1)
  A ball python (D:1)
  5 goblins
  2 rats (D:1)
15 creatures vanquished.

Vanquished Creatures (others)
  12 foxfires
12 creatures vanquished.

Grand Total: 27 creatures vanquished

Notes
Turn   | Place    | Note
-------+----------+-------------------------------------------
     0 | D:1      | shoemetal68 the Draconian Fire Elementalist began the quest
                  | for the Orb.
     0 | D:1      | Reached XP level 1. HP: 14/14 MP: 3/3
   462 | D:1      | Reached XP level 2. HP: 16/20 MP: 3/5
   849 | D:2      | Reached skill level 5 in Fire Magic
   849 | D:2      | Reached XP level 3. HP: 30/30 MP: 5/8
  1082 | D:2      | Slain by a gnoll

Illustrated notes

Levels and vault maps discovered:
D:1:      psy_arrival_basics, layout_basic, reono_crystal_passage
D:2:      layout_basic, kennysheep_generic_room_11

Skill      XL: |  1  2 |
---------------+-------+-----
Fighting       | 2 |  2.8
Dodging        | 3 |  3.2
Stealth        | 3 |  3.3
Unarmed Combat | 2 |  2.8
Spellcasting   | 4 |  4.3
Conjurations   | 4 |  4.0
Fire Magic     | 5 |  5.3

Action                   || total
-------------------------++-------
Melee: Unarmed           ||    44
       Tailslap          ||     5
       Punch             ||     1
 Cast: Foxfire           ||     7
  Use: Potion            ||     4
Armor: Skin              ||    21
Dodge: Dodged            ||    34

Table legend: (Time is in decaauts)
 A = Elapsed time spent in this place.
 B = Non-inter-level travel time spent in this place.
 C = Inter-level travel time spent in this place.
 D = Time resting spent in this place.
 E = Time spent auto-exploring this place.
 F = Levels seen in this place.
 G = Mean time per level.
                   A        B        C        D        E       F      G
               +--------+--------+--------+--------+--------+-----+--------+
         Total |   1081 |   1066 |     15 |      0 |      0 |   2 |  540.5 |
       Dungeon |   1081 |   1066 |     15 |      0 |      0 |   2 |  540.5 |
               +--------+--------+--------+--------+--------+-----+--------+

Top non-repeatable levels by time:
     D:1: 837 daAuts
     D:2: 244 daAuts
